| TOP OF THE 1ST |
|
Sacramento River Cats batting - Pitching for Louisville Bats : RHP Chris Galo
|
|
Pitching: RHP Chris Galo
|
|
|
Batting: LHB Kevin Kantor
|
0-0: Ball 1-0: Ball 2-0: SINGLE (Line Drive, 89S, EV 103.8 MPH)
|
|
Batting: RHB Dave Crouch
|
0-0: Fielders Choice at 2nd, 6-4 (Groundball, 6, EV 84.4 MPH)
|
|
Batting: LHB Mason Duffy
|
0-0: Called Strike 0-1: Foul Ball, location: 2F 0-2: Ball Dave Crouch steals 2nd base 1-2: Ball 2-2: Strikes out looking
|
|
Batting: LHB Willie Ceniceros
|
0-0: Ball 1-0: Called Strike 1-1: Swinging Strike 1-2: Fly out, F9 (Flyball, 9D, EV 96.2 MPH)
|
| Top of the 1st over - 0 runs, 1 hit, 0 errors, 1 left on base; Sacramento 0 - Louisville 0 |
| BOTTOM OF THE 1ST |
|
Louisville Bats batting - Pitching for Sacramento River Cats : RHP Pat Wiggins
|
|
Pitching: RHP Pat Wiggins
|
|
|
Batting: SHB Paul Sandoval
|
0-0: Ball 1-0: Foul Ball, location: 2F 1-1: Ball 2-1: Ball 3-1: Called Strike 3-2: Foul Ball, location: 2F 3-2: Foul Ball, location: 2F 3-2: Base on Balls
|
|
Batting: RHB Bruno André
|
0-0: SINGLE (Groundball, 4S, EV 68.8 MPH) (infield hit) Paul Sandoval to second
|
|
Batting: RHB Fred Slade
|
0-0: Fly out, F9 (Flyball, 9D, EV 103.8 MPH) Runner from 2nd tags up, SAFE at 3rd, no throw by RF
|
|
Batting: RHB Mike Alm
|
0-0: Ball 1-0: Ball 2-0: Ball 3-0: Base on Balls Bruno André to second
|
|
Batting: SHB Freddie Farrar
|
0-0: Ball 1-0: Called Strike 1-1: Swinging Strike 1-2: Ground out 5-3 (Groundball, 56S, EV 66.9 MPH) Paul Sandoval scores Bruno André to third Mike Alm to second
|
|
Batting: RHB Won-jun Park
|
0-0: Called Strike 0-1: Called Strike 0-2: Strikes out swinging
|
| Bottom of the 1st over - 1 run, 1 hit, 0 errors, 2 left on base; Sacramento 0 - Louisville 1 |
| TOP OF THE 2ND |
|
Sacramento River Cats batting - Pitching for Louisville Bats : RHP Chris Galo
|
|
Batting: RHB Brian Rogers
|
0-0: Called Strike 0-1: Foul Ball, location: 2F 0-2: Foul Ball, location: 2F 0-2: Strikes out swinging
|
|
Batting: RHB Troy Trice
|
0-0: Foul Ball, location: 2F 0-1: Foul Ball, location: 2F 0-2: SOLO HOME RUN (Flyball, 8LXD, EV 106.9 MPH), Distance : 412 ft
|
|
Batting: RHB Hugo Zacarias
|
0-0: Ball 1-0: Ball 2-0: Fly out, F8 (Flyball, 8RXD, EV 95.6 MPH)
|
|
Batting: RHB Nick Wicker
|
0-0: Ball 1-0: Swinging Strike 1-1: Called Strike 1-2: Strikes out swinging
|
| Top of the 2nd over - 1 run, 1 hit, 0 errors, 0 left on base; Sacramento 1 - Louisville 1 |
| BOTTOM OF THE 2ND |
|
Louisville Bats batting - Pitching for Sacramento River Cats : RHP Pat Wiggins
|
|
Batting: RHB Danny Real
|
0-0: Ball 1-0: Ball 2-0: Called Strike 2-1: Fly out, F8 (Flyball, 89S, EV 95.6 MPH)
|
|
Batting: RHB Colin Lord
|
0-0: Ball 1-0: Ball 2-0: Called Strike 2-1: Swinging Strike 2-2: Ball 3-2: Foul Ball, location: 2F 3-2: Foul Ball, location: 2F 3-2: Foul Ball, location: 2F 3-2: Base on Balls
|
|
Batting: RHB Jay Jacobson
|
0-0: SINGLE (Flyball, 9LS, EV 90.0 MPH) Colin Lord to second Runner from 2nd tries for 3rd, SAFE, throw by RF made to third
|
|
Batting: SHB Paul Sandoval
|
0-0: Ball 1-0: Fly out, F8 (Flyball, 8RXD, EV 93.1 MPH) Runner from 3rd tags up, SCORES, no throw by CF
|
|
Batting: RHB Bruno André
|
0-0: Foul Ball, location: 2F 0-1: 2-RUN HOME RUN (Flyball, 7LD, EV 95.0 MPH), Distance : 344 ft
|
|
Batting: RHB Fred Slade
|
0-0: Ball 1-0: Ball 2-0: Called Strike 2-1: Ball 3-1: Base on Balls
|
|
Batting: RHB Mike Alm
|
0-0: Ball 1-0: Foul Ball, location: 2F 1-1: Called Strike 1-2: Strikes out looking
|
| Bottom of the 2nd over - 3 runs, 2 hits, 0 errors, 1 left on base; Sacramento 1 - Louisville 4 |
| TOP OF THE 3RD |
|
Sacramento River Cats batting - Pitching for Louisville Bats : RHP Chris Galo
|
|
Batting: RHB Justin Baldwin
|
0-0: Called Strike 0-1: Ground out 5-3 (Groundball, 5L, EV 81.2 MPH)
|
|
Batting: LHB Kevin Kantor
|
0-0: Ball 1-0: SINGLE (Groundball, 6M, EV 100.0 MPH) (infield hit)
|
|
Batting: RHB Dave Crouch
|
0-0: Ball 1-0: Foul Ball, location: 2F 1-1: Ball 2-1: Foul Ball, location: 2F 2-2: Ball 3-2: Fly out, F9 (Flyball, 9S, EV 88.8 MPH)
|
|
Batting: LHB Mason Duffy
|
0-0: Ball 1-0: Foul Ball, location: 2F 1-1: Called Strike 1-2: Foul Ball, location: 2F 1-2: Fly out, F9 (Flyball, 9S, EV 90.6 MPH)
|
| Top of the 3rd over - 0 runs, 1 hit, 0 errors, 1 left on base; Sacramento 1 - Louisville 4 |
| BOTTOM OF THE 3RD |
|
Louisville Bats batting - Pitching for Sacramento River Cats : RHP Pat Wiggins
|
|
Batting: SHB Freddie Farrar
|
0-0: Called Strike 0-1: Ball 1-1: Called Strike 1-2: Ball 2-2: Ground out 4-3 (Groundball, 4, EV 85.6 MPH)
|
|
Batting: RHB Won-jun Park
|
0-0: Ball 1-0: Called Strike 1-1: Ball 2-1: Foul Ball, location: 2F 2-2: Strikes out swinging
|
|
Batting: RHB Danny Real
|
0-0: SINGLE (Line Drive, 7S, EV 90.6 MPH)
|
|
Batting: RHB Colin Lord
|
0-0: Ground out 5-3 (Groundball, 56S, EV 86.9 MPH)
|
| Bottom of the 3rd over - 0 runs, 1 hit, 0 errors, 1 left on base; Sacramento 1 - Louisville 4 |
| TOP OF THE 4TH |
|
Sacramento River Cats batting - Pitching for Louisville Bats : RHP Chris Galo
|
|
Batting: LHB Willie Ceniceros
|
0-0: Foul Ball, location: 2F 0-1: SINGLE (Groundball, 4, EV 103.1 MPH)
|
|
Batting: RHB Brian Rogers
|
0-0: Ball 1-0: Ball 2-0: Swinging Strike 2-1: Ball 3-1: Base on Balls Willie Ceniceros to second
|
|
Batting: RHB Troy Trice
|
0-0: Called Strike 0-1: Foul Ball, location: 2F 0-2: Ball 1-2: Fly out, F7 (Flyball, 78M, EV 80.0 MPH)
|
|
Batting: RHB Hugo Zacarias
|
0-0: Called Strike 0-1: Swinging Strike 0-2: Strikes out swinging
|
|
Batting: RHB Nick Wicker
|
0-0: Ball 1-0: Ball 2-0: Ground out 4-3 (Groundball, 4, EV 98.1 MPH)
|
| Top of the 4th over - 0 runs, 1 hit, 0 errors, 2 left on base; Sacramento 1 - Louisville 4 |
| BOTTOM OF THE 4TH |
|
Louisville Bats batting - Pitching for Sacramento River Cats : RHP Pat Wiggins
|
|
Batting: RHB Jay Jacobson
|
0-0: Swinging Strike 0-1: Ground out 1-3 (Groundball, P, EV 71.2 MPH)
|
|
Batting: SHB Paul Sandoval
|
0-0: Ball 1-0: Called Strike 1-1: Foul Ball, location: 2F 1-2: Foul Ball, location: 2F 1-2: DOUBLE (Flyball, 8LXD, EV 95.6 MPH)
|
|
Batting: RHB Bruno André
|
0-0: Called Strike 0-1: Called Strike 0-2: Strikes out swinging
|
|
Batting: RHB Fred Slade
|
0-0: Ground out 6-3 (Groundball, 56, EV 78.1 MPH)
|
| Bottom of the 4th over - 0 runs, 1 hit, 0 errors, 1 left on base; Sacramento 1 - Louisville 4 |
| TOP OF THE 5TH |
|
Sacramento River Cats batting - Pitching for Louisville Bats : RHP Chris Galo
|
|
Batting: RHB Justin Baldwin
|
0-0: Called Strike 0-1: Ball 1-1: Fly out, F3 (Popup, 3S, EV 84.4 MPH)
|
|
Batting: LHB Kevin Kantor
|
0-0: Ball 1-0: Called Strike 1-1: Called Strike 1-2: Ground out 4-3 (Groundball, 4, EV 78.1 MPH)
|
|
Batting: RHB Dave Crouch
|
0-0: Ball 1-0: Ball 2-0: Ball 3-0: Base on Balls
|
|
Batting: LHB Mason Duffy
|
0-0: Called Strike 0-1: Ball 1-1: Ball 2-1: Foul Ball, location: 2F 2-2: SINGLE (Groundball, 6MS, EV 68.8 MPH) (infield hit) Dave Crouch to second
|
|
Batting: LHB Willie Ceniceros
|
0-0: Fly out, F8 (Flyball, 8LXD, EV 93.8 MPH)
|
| Top of the 5th over - 0 runs, 1 hit, 0 errors, 2 left on base; Sacramento 1 - Louisville 4 |
| BOTTOM OF THE 5TH |
|
Louisville Bats batting - Pitching for Sacramento River Cats : RHP Pat Wiggins
|
|
Batting: RHB Mike Alm
|
0-0: Swinging Strike 0-1: Ball 1-1: Foul Ball, location: 2F 1-2: Ball 2-2: SINGLE (Groundball, P, EV 80.6 MPH) (infield hit)
|
|
Batting: SHB Freddie Farrar
|
0-0: Reached on error, E4 (Groundball, 34, EV 101.2 MPH) Mike Alm to second
|
|
Batting: RHB Won-jun Park
|
0-0: Ball 1-0: Swinging Strike 1-1: Ball 2-1: Foul Ball, location: 2F 2-2: Strikes out swinging
|
|
Batting: RHB Danny Real
|
0-0: Fly out, F7 (Flyball, 7, EV 90.6 MPH)
|
|
Batting: RHB Colin Lord
|
0-0: Called Strike 0-1: Foul Ball, location: 2F 0-2: Strikes out swinging
|
| Bottom of the 5th over - 0 runs, 1 hit, 1 error, 2 left on base; Sacramento 1 - Louisville 4 |
| TOP OF THE 6TH |
|
Sacramento River Cats batting - Pitching for Louisville Bats : RHP Chris Galo
|
|
Batting: RHB Brian Rogers
|
0-0: Ground out 4-3 (Groundball, 4M, EV 105.6 MPH)
|
|
Batting: RHB Troy Trice
|
0-0: Ball 1-0: Ball 2-0: Ball 3-0: Called Strike 3-1: Ground out U3 (Groundball, 34, EV 101.9 MPH)
|
|
Batting: RHB Hugo Zacarias
|
0-0: Ball 1-0: SOLO HOME RUN (Flyball, 8RXD, EV 101.9 MPH), Distance : 413 ft
|
|
Batting: RHB Nick Wicker
|
0-0: Foul Ball, location: 2F 0-1: Called Strike 0-2: SINGLE (Flyball, 9S, EV 88.8 MPH)
|
|
Batting: RHB Justin Baldwin
|
0-0: Called Strike 0-1: Ball 1-1: Ball 2-1: Foul Ball, location: 2F 2-2: Foul Ball, location: 2F 2-2: Ground out 6-3 (Groundball, 56, EV 105.0 MPH)
|
| Top of the 6th over - 1 run, 2 hits, 0 errors, 1 left on base; Sacramento 2 - Louisville 4 |
| BOTTOM OF THE 6TH |
|
Louisville Bats batting - Pitching for Sacramento River Cats : RHP Pat Wiggins
|
|
Batting: RHB Jay Jacobson
|
0-0: Called Strike 0-1: Hit by Pitch
|
|
Batting: SHB Paul Sandoval
|
0-0: Foul Ball, location: 2F 0-1: Foul Ball, location: 2F 0-2: Fly out, F9 (Flyball, 9LMF, EV 80.6 MPH)
|
|
Batting: RHB Bruno André
|
0-0: Called Strike 0-1: Fly out, F8 (Flyball, 8LD, EV 97.5 MPH)
|
|
Batting: RHB Fred Slade
|
0-0: Ball 1-0: Foul Ball, location: 2F 1-1: SINGLE (Groundball, 4MD, EV 101.9 MPH) Jay Jacobson to second
|
|
Pitching: RHP Jim Sprayberry
|
|
|
Batting: RHB Mike Alm
|
0-0: SINGLE (Groundball, 6MD, EV 98.8 MPH) Jay Jacobson to third Fred Slade to second Runner from 3rd tries for Home, SAFE, throw by CF to home
|
|
Batting: SHB Freddie Farrar
|
0-0: Ball 1-0: Fly out, F7 (Flyball, 7, EV 85.6 MPH)
|
| Bottom of the 6th over - 1 run, 2 hits, 0 errors, 2 left on base; Sacramento 2 - Louisville 5 |
| TOP OF THE 7TH |
|
Sacramento River Cats batting - Pitching for Louisville Bats : RHP Chris Galo
|
|
Batting: LHB Kevin Kantor
|
0-0: TRIPLE (Line Drive, 9LD, EV 100.0 MPH)
|
|
Batting: RHB Dave Crouch
|
0-0: Called Strike 0-1: Ball 1-1: Called Strike 1-2: Strikes out swinging
|
|
Batting: LHB Mason Duffy
|
0-0: Ball 1-0: Ball 2-0: Called Strike 2-1: Ball 3-1: Base on Balls
|
|
Pitching: LHP Jerry Nero
|
|
|
Pinch Hitting: RHB Billy Pranger
|
0-0: Ground out 5-3 (Groundball, 56S, EV 76.9 MPH) Mason Duffy to second
|
|
Pitching: RHP Dave Kurtz
|
|
|
Batting: RHB Brian Rogers
|
0-0: Ball 1-0: Called Strike 1-1: TRIPLE (Flyball, 9LD, EV 105.6 MPH) Kevin Kantor scores Mason Duffy scores
|
|
Batting: RHB Troy Trice
|
0-0: Called Strike 0-1: Swinging Strike 0-2: Ball 1-2: Strikes out swinging
|
| Top of the 7th over - 2 runs, 2 hits, 0 errors, 1 left on base; Sacramento 4 - Louisville 5 |
| BOTTOM OF THE 7TH |
|
Louisville Bats batting - Pitching for Sacramento River Cats : RHP Jim Sprayberry
|
|
Now at SS: Matt Shepard
|
|
|
Batting: RHB Won-jun Park
|
0-0: Ball 1-0: Ball 2-0: Called Strike 2-1: Ball 3-1: Swinging Strike 3-2: Foul Ball, location: 2F 3-2: Strikes out looking
|
|
Batting: RHB Danny Real
|
0-0: Ball 1-0: Ball 2-0: Called Strike 2-1: Ball 3-1: Called Strike 3-2: Strikes out swinging
|
|
Batting: RHB Colin Lord
|
0-0: Called Strike 0-1: Swinging Strike 0-2: Ball 1-2: SINGLE (Groundball, 34D, EV 97.5 MPH)
|
|
Batting: RHB Jay Jacobson
|
0-0: Ball 1-0: Called Strike 1-1: Called Strike 1-2: Foul Ball, location: 2F 1-2: Foul Ball, location: 2F 1-2: Strikes out swinging
|
| Bottom of the 7th over - 0 runs, 1 hit, 0 errors, 1 left on base; Sacramento 4 - Louisville 5 |
| TOP OF THE 8TH |
|
Sacramento River Cats batting - Pitching for Louisville Bats : RHP Dave Kurtz
|
|
Batting: RHB Hugo Zacarias
|
0-0: Ball 1-0: Called Strike 1-1: Ground out 6-3 (Groundball, 6, EV 90.6 MPH)
|
|
Batting: RHB Nick Wicker
|
0-0: Foul Ball, location: 2F 0-1: Ball 1-1: Ball 2-1: Foul Ball, location: 2F 2-2: Strikes out swinging
|
|
Batting: RHB Justin Baldwin
|
0-0: Ball 1-0: Foul Ball, location: 2F 1-1: Fly out, F4 (Line Drive, 4, EV 73.1 MPH)
|
| Top of the 8th over - 0 runs, 0 hits, 0 errors, 0 left on base; Sacramento 4 - Louisville 5 |
| BOTTOM OF THE 8TH |
|
Louisville Bats batting - Pitching for Sacramento River Cats : RHP Jim Sprayberry
|
|
Pitching: RHP Jonathan Simi
|
|
|
Batting: SHB Paul Sandoval
|
0-0: Ball 1-0: Called Strike 1-1: Foul Ball, location: 2F 1-2: DOUBLE (Groundball, 3L, EV 101.2 MPH)
|
|
Batting: RHB Bruno André
|
0-0: Ball 1-0: Sac Bunt to 2L - play at first, batter OUT! 2-4 Paul Sandoval to third
|
|
Batting: RHB Fred Slade
|
0-0: Ball 1-0: TRIPLE (Flyball, 8LXD, EV 101.2 MPH) Paul Sandoval scores
|
|
Batting: RHB Mike Alm
|
0-0: Intentional Walk
|
|
Batting: SHB Freddie Farrar
|
0-0: Ball 1-0: Grounds into double play, 4-6-3 (Groundball, 34, EV 93.8 MPH)
|
| Bottom of the 8th over - 1 run, 2 hits, 0 errors, 1 left on base; Sacramento 4 - Louisville 6 |
| TOP OF THE 9TH |
|
Sacramento River Cats batting - Pitching for Louisville Bats : RHP Dave Kurtz
|
|
Pitching: RHP Robbie Delgado
|
|
|
Now in LF: Satoru Handa
|
|
|
Batting: LHB Kevin Kantor
|
0-0: Ball 1-0: SINGLE (Groundball, 4MD, EV 105.6 MPH)
|
|
Batting: LHB Ryan Braden
|
0-0: Ball 1-0: Swinging Strike 1-1: Foul Ball, location: 2F 1-2: Strikes out swinging
|
|
Batting: LHB Mason Duffy
|
0-0: Foul Ball, location: 2F 0-1: Ball 1-1: Ball 2-1: Foul Ball, location: 2F 2-2: SINGLE (Groundball, 13S, EV 75.6 MPH) (infield hit) Kevin Kantor to second
|
|
Pinch Hitting: LHB Jared Paige
|
0-0: Ball 1-0: Ball 2-0: Called Strike 2-1: Reached on error, E5 (Groundball, 5, EV 103.1 MPH) Kevin Kantor to third Mason Duffy to second
|
|
Batting: RHB Brian Rogers
|
0-0: Called Strike 0-1: Ball 1-1: Foul Ball, location: 2F 1-2: Ball 2-2: Ball 3-2: Base on Balls Kevin Kantor scores Mason Duffy to third Jared Paige to second
|
|
Batting: RHB Troy Trice
|
0-0: Ball 1-0: Grounds into double play, 5-2-3 (Groundball, 5S, EV 86.2 MPH)
|
| Top of the 9th over - 1 run, 2 hits, 1 error, 2 left on base; Sacramento 5 - Louisville 6 |
|